 Dungeon Crawl Stone Soup version 0.31-a0-446-g07c4bd200f (webtiles) character file.

Game seed: 13664479722997151722

773 Ethylacetat the Wallflower (level 7, -4/39 HPs)
             Began as a Vine Stalker Monk on Aug 3, 2023.
             Was a Believer of Uskayaw.
             Slain by a komodo dragon (24 damage)
             ... on level 5 of the Dungeon.
             The game lasted 00:07:57 (2955 turns).

Ethylacetat the Wallflower (Vine Stalker Monk)      Turns: 2955, Time: 00:07:58

Health: -4/39      AC:  3    Str: 14    XL:     7   Next: 83%
Magic:  0/14       EV: 13    Int: 10    God:    Uskayaw [**....]
Gold:   205        SH:  0    Dex: 18    Spells: 14/14 levels left

rFire   . . .        e - +2 whip (flame)
rCold   . . .        c - orb {light}
rNeg    . . .        a - +0 robe
rPois   .            (no helmet)
rElec   .            k - +0 cloak
rCorr   .            (no gloves)
SInv    .            (no boots)
Will    .....        (no amulet)
Stlth   +            (no ring)
HPRegen 1.06/turn    (no ring)
MPRegen 0.14/turn

%: guardian spirit
@: glowing, studying Axes
A: fangs 2, regeneration 1, magic shield, antimagic bite, no potion heal 2
a: Renounce Religion, Stomp, Line Pass


You were on level 5 of the Dungeon.
You worshipped Uskayaw.
Uskayaw was noncommittal.
You visited 2 branches of the dungeon, and saw 6 of its levels.
You also visited: Sewer.

You collected 205 gold pieces.

Inventory:

Hand Weapons
 e - a +2 whip of flaming (weapon)
Missiles
 d - 11 poisoned darts (quivered)
Armour
 a - a +0 robe (worn)
 c - an orb of light (worn)
 k - a +0 cloak (worn)
Scrolls
 g - 2 scrolls of fog {unknown}
 h - 4 scrolls of teleportation {unknown}
 i - 2 scrolls of blinking {unknown}
 j - a scroll of enchant armour {unknown}
 l - a scroll of noise {unknown}
 m - 2 scrolls of identify {unknown}
 s - a scroll of revelation {unknown}
 t - a scroll of fear {unknown}
 v - a scroll of silence {unknown}
Potions
 b - a potion of ambrosia
 f - 2 potions of curing {unknown}
 n - a potion of brilliance {unknown}
 o - a potion of might {unknown}
 p - a potion of enlightenment {unknown}
 q - a potion of experience {unknown}
 r - a potion of haste {unknown}
 u - 2 potions of degeneration {unknown}


   Skills:
 + Level 5.0 Fighting
 - Level 2.4 Dodging
 - Level 3.0 Unarmed Combat
 + Level 4.3 Spellcasting
 * Level 5.1 Invocations


You had 14 spell levels left.
You didn't know any spells.
Your spell library contained the following spells:

 Spells                   Type           Power      Damage    Failure   Level
 Apportation              Tloc           4%         N/A       24%         1
 Necrotise                Necr           8%         1d4       24%         1
 Summon Small Mammal      Summ           8%         N/A       24%         1
 Wereblood                Tmut           2%         N/A       36%         2
 Irradiate                Conj/Tmut      1%         3d12      100%        5


Dungeon Overview and Level Annotations

Branches:
Dungeon (5/15)             Temple (1/1) D:4           Sewer (visited)

Altars:
Ashenzari
Cheibriados
Dithmenos
Elyvilon
Fedhas
Gozag
Hepliaklqana
Kikubaaqudgha
Makhleb
Okawaru
Qazlal
Sif Muna
Uskayaw
Vehumet
Wu Jian
Xom
Yredelemnul
Zin

Shops:
D:4 :


Innate Abilities, Weirdness & Mutations

You have extremely sharp teeth.
Your natural rate of healing is unusually fast.
When hurt, damage is shared between your health and your magic reserves.
Your bite disrupts and absorbs the magic of your enemies.
Potions cannot restore your health.


Message History

Aim: a komodo dragon (lightly wounded, poisoned, haloed, 86% to hit)
You throw a poisoned dart.
The poisoned dart hits the komodo dragon.
The komodo dragon looks even sicker.
The komodo dragon is lightly wounded.
Throw: 12 darts (poison)
Press: ? - help, Q - select action, (/) - cycle Shift-Dir - straight line, f/p - komodo dragon
Aim: a komodo dragon (lightly wounded, very poisoned, haloed, 86% to hit)
You throw a poisoned dart.
The poisoned dart barely misses the komodo dragon.
You hit the komodo dragon but do no damage.
The komodo dragon is lightly wounded.
The komodo dragon misses you.
You hit the komodo dragon. You burn the komodo dragon.
You bite the komodo dragon. You drain its power.
The komodo dragon is moderately wounded.
The komodo dragon barely misses you.
You hit the komodo dragon. You burn the komodo dragon.
You bite the komodo dragon, but do no damage.
The komodo dragon is moderately wounded.
The komodo dragon bites you!!
Unknown command.
You hit the komodo dragon. You burn the komodo dragon.
You bite the komodo dragon, but do no damage.
The komodo dragon is heavily wounded.
The komodo dragon barely misses you. The komodo dragon bites you.
You can now pass through a line of other dancers.
You hit the komodo dragon but do no damage.
You bite the komodo dragon, but do no damage.
The komodo dragon is heavily wounded.
The komodo dragon bites you.
You hit the komodo dragon. You burn the komodo dragon.
The komodo dragon is severely wounded.
The komodo dragon misses you.
You hit the komodo dragon. You burn the komodo dragon.
You bite the komodo dragon. You drain its power.
You feel invigorated.
The komodo dragon is almost dead.
The komodo dragon bites you!!
Ouch! That really hurt!
You die...

.## ..# #.###
#...# ##
#...#
#..####.<.##
#........#
.##........#
..[....@†..#
...)..l....#
............#
............#
...(........#
.((?........#
............#
(...........#


You could see a komodo dragon (poisoned).

Vanquished Creatures
  Menkaure (D:4)
  Pargi (Sewer)
  2 centaurs (D:4)
  An ogre (D:4)
  A phantom (D:4)
  A scorpion (D:5)
  5 adders
  4 gnolls
  A river rat (D:4)
  A white imp (D:5)
  4 dart slugs
  5 orcs
  6 endoplasms
  4 giant cockroaches
  6 hobgoblins
  4 quokkas
  6 ball pythons
  5 bats
  6 frilled lizards
  7 goblins
  8 kobolds
  7 rats
86 creatures vanquished.

Notes
Turn   | Place    | Note
-------+----------+-------------------------------------------
     0 | D:1      | Ethylacetat the Vine Stalker Monk began the quest for the
                  | Orb.
     0 | D:1      | Reached XP level 1. HP: 11/11 MP: 2/2
    39 | D:1      | Reached XP level 2. HP: 14/16 MP: 1/4
    58 | D:1      | Reached skill level 1 in Spellcasting
   323 | D:1      | Reached XP level 3. HP: 2/20 MP: 1/6
   987 | D:2      | Gained mutation: Your natural rate of healing is unusually
                  | fast. [Vine Stalker growth]
   987 | D:2      | Reached XP level 4. HP: 24/24 MP: 8/8
   989 | D:2      | Found a faded altar of an unknown god.
  1017 | D:2      | Prayed at the altar of an unknown god.
  1017 | D:2      | Became a worshipper of Uskayaw the Reveller
  1017 | D:2      | Reached * piety under Uskayaw
  1017 | D:2      | Reached ** piety under Uskayaw
  1226 | D:2      | Reached skill level 1 in Invocations
  1858 | D:3      | Reached *** piety under Uskayaw
  1860 | D:3      | Reached XP level 5. HP: 14/29 MP: 7/10
  1861 | D:3      | Reached **** piety under Uskayaw
  1946 | D:3      | Found a hide-covered altar of Uskayaw.
  2219 | D:4      | Noticed an ogre
  2229 | D:4      | Killed an ogre
  2230 | D:4      | Reached XP level 6. HP: 20/33 MP: 6/11
  2331 | D:4      | Noticed Menkaure
  2339 | D:4      | Killed Menkaure
  2393 | D:4      | Found a glowing drain.
  2409 | Sewer    | Entered a sewer
  2493 | Sewer    | Noticed Pargi
  2509 | Sewer    | Killed Pargi
  2510 | Sewer    | Reached XP level 7. HP: 21/38 MP: 5/13
  2717 | D:4      | Found a staircase to the Ecumenical Temple.
  2732 | Temple   | Entered the Ecumenical Temple
  2752 | D:4      | Found Tuocso's Book Shoppe.
  2912 | D:5      | Entered Level 5 of the Dungeon
  2921 | D:5      | Reached skill level 5 in Fighting
  2921 | D:5      | Reached skill level 5 in Invocations
  2943 | D:5      | Noticed a komodo dragon
  2955 | D:5      | Slain by a komodo dragon

Illustrated notes

Levels and vault maps discovered:
D:1:      onia_arrival_pentagram, layout_basic, minmay_misc_feat_rugged,
          nicolae_grassy_gnolls
D:2:      layout_loops_ring, hellmonk_ecumenical_altar_pennies_from_heaven,
          grunt_ministairs_4, minmay_pentomino_pile
D:3:      layout_loops_ring, lemuel_crystal_altar
D:4:      layout_rooms, minmay_temple_entry_grid, portal_sewer_entry_b,
          nicolae_wooded_promenade, minmay_misc_feat_hallway,
          minmay_manual_mares, uniq_menkaure
D:5:      layout_rooms, gammafunk_temple_overflow_elements,
          mainiacjoe_overflow_cross_hatched, gammafunk_ghost_hive
Temple:   nicolae_temple_bog_church

Skill      XL: |  1  2  3  4  5  6  7 |
---------------+----------------------+-----
Fighting       | 3 4 5 |  5.0
Spellcasting   | 1 2 3 4 |  4.3
Invocations    | 1 2 4 5 |  5.1
Dodging        | |  2.4
Unarmed Combat | |  3.0

Action                     |  1- 3 |  4- 6 |  7- 9 || total
---------------------------+-------+-------+-------++-------
  Melee: Unarmed           |    35 |       |       ||    35
         Bite              |    25 |    26 |    14 ||    65
         Whip              |    32 |   113 |    42 ||   187
  Throw: Dart              |       |     5 |     5 ||    10
   Stab: Paralysed         |       |     3 |     2 ||     5
 Armour: Robe              |    13 |    17 |    12 ||    42
  Dodge: Dodged            |    30 |    97 |    57 ||   184

Table legend: (Time is in decaauts)
 A = Elapsed time spent in this place.
 B = Non-inter-level travel time spent in this place.
 C = Inter-level travel time spent in this place.
 D = Time resting spent in this place.
 E = Time spent auto-exploring this place.
 F = Levels seen in this place.
 G = Mean time per level.
                   A        B        C        D        E       F      G
               +--------+--------+--------+--------+--------+-----+--------+
         Total |   3007 |   2933 |     74 |     73 |   2043 |   7 |  429.6 |
       Dungeon |   2768 |   2694 |     74 |     73 |   1966 |   5 |  553.6 |
        Temple |      1 |      1 |      0 |      0 |      0 |   1 |    1.0 |
         Sewer |    237 |    237 |      0 |      0 |     77 |   1 |  237.0 |
               +--------+--------+--------+--------+--------+-----+--------+

Top non-repeatable levels by time:
     D:2: 851 daAuts
     D:1: 708 daAuts
     D:3: 650 daAuts
     D:4: 513 daAuts
   Sewer: 237 daAuts
     D:5: 44 daAuts
  Temple: 1 daAuts
